 Dungeon Crawl Stone Soup version 0.30-a0-722-g3e6e8c874d (webtiles) character file.

Game seed: 6723428389718698099

9536 Bnni the Skirmisher (level 11, -1/82 (89) HPs)
             Began as a Formicid Hexslinger on Jan 27, 2023.
             Was an Elder of Dithmenos.
             Slain by a spectral orc knight
             ... wielding a +0 glaive
             ... summoned by Nergalle
              (11 damage)
             ... on level 10 of the Dungeon on Jan 28, 2023.
             The game lasted 00:28:06 (11948 turns).

Bnni the Skirmisher (Formicid Hexslinger)          Turns: 11948, Time: 00:28:06

HP:   -1/82 (89)    AC:  9    Str: 16    XL:     11   Next: 76%
MP:   5/24          EV: 12    Int: 20    God:    Dithmenos [****..]
Gold: 524           SH:  0    Dex: 16    Spells: 5/16 levels left

rFire   . . .      SeeInvis +    c - +0 shortbow
rCold   . . .      Faith    +    (no shield)
rNeg    . . .      Spirit   .    A - +0 steam dragon scales
rPois   .          Reflect  .    (helmet unavailable)
rElec   .          Harm     .    o - +2 cloak
rCorr   .          Rampage  .    (no gloves)
Will    +....                    v - +0 pair of boots
Stlth   ++                       x - amulet of faith
HPRegen 0.33/turn                n - +6 ring of intelligence
MPRegen 0.19/turn                w - ring of magical power

@: wreathed by umbra, drained
A: permanent stasis, dig shafts and tunnels, antennae 3, four strong arms
a: Dig, Shaft Self, Renounce Religion, Shadow Step


You were on level 10 of the Dungeon.
You worshipped Dithmenos.
Dithmenos was greatly pleased with you.
You visited 1 branch of the dungeon, and saw 10 of its levels.

You collected 608 gold pieces.
You spent 84 gold pieces at shops.

Inventory:

Hand Weapons
 c - a +0 shortbow (weapon)
Missiles
 y - 2 throwing nets
 D - a curare-tipped dart
 H - 9 poisoned darts
Armour
 o - a +2 cloak (worn)
 v - a +0 pair of boots (worn)
 A - +0 steam dragon scales (worn)
Jewellery
 n - a +6 ring of intelligence (left hand)
 w - a ring of magical power (right hand)
 x - an amulet of faith (around neck)
 F - a ring of ice
Wands
 i - a wand of digging (4)
 m - a wand of flame (26)
 s - a wand of paralysis (5)
 E - a wand of roots (6)
Scrolls
 b - 4 scrolls of poison
 d - 3 scrolls of fear
 h - 4 scrolls of enchant armour
 j - 2 scrolls of summoning
 l - 2 scrolls of immolation
 p - 7 scrolls of teleportation {unknown}
 r - 2 scrolls of amnesia
 t - a scroll of vulnerability
 u - a scroll of silence
 z - a scroll of enchant weapon
 C - 2 scrolls of magic mapping
Potions
 a - a potion of might
 e - a potion of ambrosia {unknown}
 f - 8 potions of curing
 g - 2 potions of attraction {unknown}
 k - 5 potions of mutation {unknown}
 q - 3 potions of brilliance {unknown}
 B - a potion of heal wounds
 I - a potion of magic {unknown}
 J - a potion of invisibility {unknown}


   Skills:
 + Level 9.5 Fighting
 * Level 12.3 Ranged Weapons
 - Level 1.7 Dodging
 - Level 3.0 Spellcasting
 - Level 10.0 Hexes
 - Level 3.0 Translocations
 - Level 3.0 Fire Magic


You had 5 spell levels left.
You knew the following spells:

 Your Spells              Type           Power      Damage    Failure   Level
a - Slow                  Hex            100%       N/A       1%          1
b - Inner Flame           Hex/Fire       29%        N/A       3%          3
c - Portal Projectile     Hex/Tloc       58%        N/A       3%          3
d - Cause Fear            Hex            21%        N/A       2%          4

Your spell library contained the following spells:

 Spells                   Type           Power      Damage    Failure   Level
 Foxfire                  Conj/Fire      36%        2x1d5     8%          1
 Kiss of Death            Conj/Necr      12%        2d6       14%         1
 Magic Dart               Conj           12%        1d3       14%         1
 Necrotise                Necr           12%        1d4       14%         1
 Fulminant Prism          Conj/Hex       11%        3d9       19%         4
 Searing Ray              Conj           6%         2d4       22%         2
 Frozen Ramparts          Ice            6%         1d1       38%         3
 Vampiric Draining        Necr           3%         2d6       38%         3
 Ice Form                 Ice/Tmut       3%         N/A       80%         4
 Summon Ice Beast         Ice/Summ       3%         N/A       80%         4
 Fireball                 Conj/Fire      4%         3d4       91%         5
 Agony                    Necr           3%         N/A       98%         5
 Starburst                Conj/Fire      4%         6d4       100%        6


Dungeon Overview and Level Annotations

Branches:
Dungeon (10/15)            Temple (0/1) D:7            Lair (0/5) D:10
    Orc (0/2) D:9

Altars:
Dithmenos
Elyvilon
Fedhas
Kikubaaqudgha
Makhleb
Nemelex Xobeh
Okawaru
Ru
Sif Muna
Uskayaw
Vehumet
Wu Jian

Shops:
D:3 *   D:10 *

Annotations:
D:10 Nergalle


Innate Abilities, Weirdness & Mutations

You cannot be hasted, slowed, berserked, paralysed or teleported.
You can dig through walls and to a lower floor.
You have a pair of large antennae on your head. (SInv)
Your four strong arms can wield two-handed weapons with a shield.


Message History

Aim: Nergalle, wielding a +0 dagger and wearing a +2 robe of positive energy (inner flame, umbra, chance to affect: 23%) Nergalle resists with almost no effort.
Nergalle hits you but does no damage.
The spectral orc knight barely misses you.
The spectral orc knight hits you from afar with a +0 glaive!
You feel drained.
Casting: Slow (safe; 1% risk of failure)
Confirm with . or Enter, or press ? or * to list all spells.
Casting: Cause Fear (dangerous; 2% risk of failure)
Press: ? - help, Dir - look around, f - activate Nergalle resists with almost no effort.
The spectral orc knight is unaffected. x2
Nergalle points at you and mumbles some strange words.
Orcish apparitions take form around you.
The spectral orc knight hits you with a +0 long sword!
* * * LOW HITPOINT WARNING * * *
You feel drained.
* * * LOW HITPOINT WARNING * * *
The spectral orc knight hits you from afar with a +0 glaive.
* * * LOW HITPOINT WARNING * * *
Okay, then.
Okay, then.
Casting: Cause Fear (dangerous; 2% risk of failure)
Confirm with . or Enter, or press ? or * to list all spells.
Casting: Cause Fear (dangerous; 2% risk of failure)
Press: ? - help, Dir - look around, f - activate Look: Nergalle, wielding a +0 dagger and wearing a +2 robe of positive energy (inner flame, umbra, chance to affect: 44%)
Okay, then.
Press: ? - help, v - describe, . - travel
Here: a spectral orc knight, wielding a +0 long sword and wearing a +0 plate armour (summoned, umbra)
The floor.
Unknown command.
Okay, then.
Aiming: Shadow Step
Press: ? - help, Dir - move target, f - spectral orc knight
Aim: a spectral orc knight, wielding a +0 glaive and wearing a +0 chain mail (summoned, umbra)
You step into the spectral orc knight's shadow.
You can no longer transform into a swirling mass of shadows.
Nergalle casts a spell at you.
Orcish apparitions take form around you.
The spectral orc knight hits you with a +0 glaive!
You die...

#.......#...#....#.##
#.......#.?.#......#§
#.......'...#....+.#§
#.......#...#....#.#§
##+###.......#..###...#.#§
..<........###..###...#.#§
...........#............##
.......ZZ..#..............
.......Z.@.#..............
.....Zo..ZZ###+###########
######'#........#...##..#
#.....Z.#........#........
#......Z#........#........
#.......#........#........
#.......#........#........
#########........#########
##########


You could see Nergalle (inner flame), a spectral orc (summoned), 2 spectral orc
warriors and 4 spectral orc knights.

Vanquished Creatures
  2 two-headed ogres
  A cyclops (D:9)
  A troll (D:7)
  Prince Ribbit (D:6)
  A hornet (D:5)
  Sigmund (D:2)
  A wraith (D:6)
  3 wyverns
  A steam dragon (D:7)
  6 yaks
  Grum (D:8)
  Duvessa (D:6)
  2 water moccasins
  8 orc warriors
  5 ice beasts
  4 sky beasts
  2 black bears
  5 centaurs
  3 wolves
  A phantom (D:7)
  A kobold brigand (D:9)
  Blork the orc (D:3)
  2 necrophages
  A gnoll sergeant (D:9)
  4 bullfrogs
  2 scorpions (D:4)
  9 wights
  Dowan (D:6)
  A howler monkey (D:6)
  6 electric eels (D:6)
  Crazy Yiuf (D:2)
  2 jellies
  5 orc priests
  2 gnoll boudas
  6 hounds
  Jessica (D:3)
  6 iguanas
  9 orc wizards
  Terence (D:2)
  Robin (D:4)
  12 gnolls
  12 adders
  A white imp (D:6)
  2 ufetubi
  2 worms (D:2)
  A dart slug (D:3)
  43 orcs
  6 bats
  3 endoplasms
  A giant cockroach (D:1)
  15 goblins
  10 hobgoblins
  7 quokkas
  4 ball pythons
  5 frilled lizards
  15 kobolds
251 creatures vanquished.

Vanquished Creatures (others)
  6 plants
6 creatures vanquished.

Grand Total: 257 creatures vanquished

Notes
Turn   | Place    | Note
-------+----------+-------------------------------------------
     0 | D:1      | Bnni the Formicid Hexslinger began the quest for the Orb.
     0 | D:1      | Reached XP level 1. HP: 15/15 MP: 2/2
   274 | D:1      | Reached XP level 2. HP: 8/21 MP: 3/3
   591 | D:1      | Reached skill level 1 in Fire Magic
   782 | D:1      | Reached XP level 3. HP: 26/26 MP: 5/5
  1287 | D:2      | Reached XP level 4. HP: 16/33 MP: 6/6
  1291 | D:2      | Learned a level 3 spell: Inner Flame
  1407 | D:2      | Noticed Terence
  1427 | D:2      | Killed Terence
  1428 | D:2      | Reached skill level 3 in Ranged Weapons
  1640 | D:2      | Noticed Sigmund
  1658 | D:2      | Killed Sigmund
  1659 | D:2      | Reached XP level 5. HP: 20/40 MP: 4/8
  1659 | D:2      | Reached XP level 6. HP: 23/46 MP: 4/9
  1812 | D:2      | Reached skill level 4 in Ranged Weapons
  2173 | D:2      | Found a runed translucent door.
  2174 | D:2      | Noticed Crazy Yiuf
  2203 | D:2      | Killed Crazy Yiuf
  2414 | D:3      | Noticed Jessica
  2424 | D:3      | Killed Jessica
  2468 | D:3      | Found a hide-covered altar of Uskayaw.
  2640 | D:3      | Found a shadowy altar of Dithmenos.
  2641 | D:3      | Found an ornate altar of the Wu Jian Council.
  2641 | D:3      | Found an iron altar of Okawaru.
  2647 | D:3      | Found a blossoming altar of Fedhas.
  2653 | D:3      | Became a worshipper of Dithmenos the Shadowed
  2888 | D:3      | Found Nisyfy Pyble's Assorted Antiques.
  2905 | D:3      | Bought a scroll labelled DUCLUE BEFO for 28 gold pieces
  2905 | D:3      | Bought a scroll labelled LODIOGYAHE for 28 gold pieces
  2905 | D:3      | Bought a scroll labelled FOERHO UBAKA for 28 gold pieces
  2972 | D:3      | Found a white marble altar of Elyvilon.
  3175 | D:3      | Learned a level 4 spell: Cause Fear
  3189 | D:4      | Noticed Blork the orc
  3202 | D:3      | Reached XP level 7. HP: 32/52 MP: 11/11
  3369 | D:3      | Killed Blork the orc
  3438 | D:4      | Learned a level 3 spell: Portal Projectile
  3697 | D:4      | Reached skill level 5 in Hexes
  3728 | D:4      | Noticed Robin
  3743 | D:4      | Reached skill level 5 in Ranged Weapons
  3743 | D:4      | Killed Robin
  3747 | D:4      | Reached * piety under Dithmenos
  3979 | D:4      | Found a shimmering blue altar of Sif Muna.
  4062 | D:4      | Found an ancient bone altar of Kikubaaqudgha.
  4112 | D:4      | Reached XP level 8. HP: 28/60 MP: 12/12
  4324 | D:4      | Got Kikubaaqudgha's Incunabulum of Bodies
  4330 | D:4      | Found a radiant altar of Vehumet.
  4404 | D:4      | Reached skill level 1 in Translocations
  4636 | D:5      | Entered Level 5 of the Dungeon
  4824 | D:5      | Identified the +2 ring mail of a Gauntlet {+Inv Will+ MP-9
                  | Int+2}
  4986 | D:5      | Noticed a hornet
  4992 | D:5      | Killed a hornet
  4993 | D:5      | Reached skill level 6 in Ranged Weapons
  5266 | D:6      | Noticed Dowan
  5268 | D:6      | Noticed Duvessa
  5472 | D:6      | Reached XP level 9. HP: 66/66 MP: 9/13
  5567 | D:6      | Noticed Prince Ribbit
  5586 | D:6      | Killed Prince Ribbit
  5587 | D:6      | Reached skill level 5 in Fighting
  5912 | D:6      | Reached skill level 7 in Ranged Weapons
  5933 | D:6      | Reached ** piety under Dithmenos
  6497 | D:6      | Found a sparkling altar of Nemelex Xobeh.
  6683 | D:6      | Killed Duvessa
  6683 | D:6      | Killed Dowan
  7186 | D:6      | Reached skill level 8 in Ranged Weapons
  7404 | D:6      | Reached XP level 10. HP: 67/76 MP: 14/14
  7509 | D:7      | Found a staircase to the Ecumenical Temple.
  7912 | D:7      | Reached skill level 9 in Ranged Weapons
  8532 | D:7      | Reached *** piety under Dithmenos
  9236 | D:8      | Noticed Grum
  9243 | D:8      | Killed Grum
  9244 | D:8      | Reached skill level 10 in Ranged Weapons
  9244 | D:8      | Reached skill level 10 in Hexes
  9688 | D:8      | Noticed a two-headed ogre
  9709 | D:8      | Reached XP level 11. HP: 61/86 MP: 10/15
  9918 | D:8      | Killed a two-headed ogre
  9919 | D:8      | Reached skill level 11 in Ranged Weapons
 10430 | D:9      | Found a sacrificial altar of Ru.
 10471 | D:9      | Reached **** piety under Dithmenos
 10810 | D:9      | Noticed a two-headed ogre
 10822 | D:9      | Killed a two-headed ogre
 10953 | D:9      | Noticed a cyclops
 10958 | D:9      | Killed a cyclops
 11094 | D:9      | Reached skill level 12 in Ranged Weapons
 11230 | D:9      | Found a staircase to the Orcish Mines.
 11771 | D:10     | Entered Level 10 of the Dungeon
 11771 | D:10     | Found a burning altar of Makhleb.
 11776 | D:10     | Identified the +1 whip of Imbalance {drain, Will+ Int+4}
 11805 | D:10     | Reached ***** piety under Dithmenos
 11837 | D:10     | Found a staircase to the Lair.
 11846 | D:10     | Found Usumpoh's Changing Room.
 11937 | D:10     | Noticed Nergalle
 11948 | D:10     | Slain by a spectral orc knight

Illustrated notes

Levels and vault maps discovered:
D:1:      kennysheep_arrival_seaside, layout_basic, bh_walls_and_bars
D:2:      layout_basic, feat_on_display, uniq_sigmund, uniq_terence,
          uniq_crazy_yiuf_cottage
D:3:      layout_loops_ring, nicolae_uskayaw_murder_on_the_dancefloor,
          nicolae_elyvilon_temple_path, grunt_temple_overflow_open,
          serial_shops, nicolae_shop_overgrown_old_shop, grunt_ministairs_8,
          uniq_jessica
D:4:      layout_loops_ring, palyth_temple_overflow_mages, uniq_blork_the_orc,
          uniq_robin
D:5:      layout_rooms, grunt_decor_mini_mirrors, grunt_ministairs_4
D:6:      cheibrodos_two_vegetables, layout_basic, lemuel_doored_altar,
          serial_corexii_hall, corexii_hall_statues_i, chequers_hall_statues_y,
          corexii_hall_statues_i, chequers_hall_statues_wall_a,
          chequers_hall_statues_y, corexii_hall_statues_t,
          minmay_misc_feat_four_crosses, uniq_prince_ribbit1, uniq_duvessa
D:7:      hangedman_cross_stitches, layout_gridville,
          minmay_temple_entry_stoned_glass, supply_closet_lemuel
D:8:      layout_cave_pools, uniq_grum
D:9:      layout_roguey, mainiacjoe_overflow_24_doors, david_orc_5,
          minmay_fractal_squares_gapless_5
D:10:     layout_gridville, bloody_makhleb, lair_entry_dummy,
          nicolae_transmutations_shop, uniq_nergalle

Skill      XL: |  1  2  3  4  5  6  7  8  9 10 11 |
---------------+----------------------------------+-----
Fire Magic     | 1 3 |  3.0
Fighting       | 2 3 4 6 7 9 |  9.5
Ranged Weapons | 3 4 5 6 8 10 12 | 12.3
Spellcasting   | 2 3 |  3.0
Hexes          | 4 5 7 8 10 | 10.0
Translocations | 2 3 |  3.0
Dodging        | |  1.7

Action                     |  1- 3 |  4- 6 |  7- 9 | 10-12 || total
---------------------------+-------+-------+-------+-------++-------
   Fire: Sling             |   119 |    96 |   442 |   163 ||   820
         Shortbow          |       |       |       |   339 ||   339
   Cast: Slow              |       |     7 |    18 |    32 ||    57
         Inner Flame       |       |     4 |    20 |    34 ||    58
         Cause Fear        |       |       |     1 |    12 ||    13
         Portal Projectile |       |       |     5 |     5 ||    10
 Invoke: Shadow Step       |       |       |       |     1 ||     1
  Evoke: Wand              |       |       |     5 |       ||     5
    Use: Potion            |       |       |     1 |     1 ||     2
         Scroll            |       |       |     7 |     6 ||    13
 Armour: Robe              |    10 |     9 |    75 |    21 ||   115
         Steam dragon scal |       |       |       |    48 ||    48
  Dodge: Dodged            |    48 |    33 |   165 |   154 ||   400

Table legend: (Time is in decaauts)
 A = Elapsed time spent in this place.
 B = Non-inter-level travel time spent in this place.
 C = Inter-level travel time spent in this place.
 D = Time resting spent in this place.
 E = Time spent auto-exploring this place.
 F = Levels seen in this place.
 G = Mean time per level.
                   A        B        C        D        E       F      G
               +--------+--------+--------+--------+--------+-----+--------+
         Total |  12045 |  11780 |    265 |   2547 |   6912 |  10 | 1204.5 |
       Dungeon |  12045 |  11780 |    265 |   2547 |   6912 |  10 | 1204.5 |
               +--------+--------+--------+--------+--------+-----+--------+

Top non-repeatable levels by time:
     D:6: 2392 daAuts
     D:7: 1832 daAuts
     D:2: 1429 daAuts
     D:9: 1370 daAuts
     D:4: 1246 daAuts
     D:1: 1029 daAuts
     D:3: 1017 daAuts
     D:8: 777 daAuts
     D:5: 774 daAuts
    D:10: 175 daAuts
